 Dungeon Crawl Stone Soup version 0.31-a0-844-gdc52ec4e09 (webtiles) character file.

Game seed: 16686940475281693420

83 Ijustatesigmund the Firebug (level 4, -2/25 HPs)
             Began as a Deep Elf Fire Elementalist on Sept 28, 2023.
             Slain by a goblin
             ... wielding a +0 club
             ... led by Robin
              (3 damage)
             ... on level 3 of the Dungeon.
             The game lasted 00:03:43 (2449 turns).

Ijustatesigmund the Firebug (DEFE)                  Turns: 2449, Time: 00:03:43

Health: -2/25      AC:  2    Str:  5    XL:     4   Next: 22%
Magic:  4/12       EV: 12    Int: 22    God:
Gold:   174        SH:  5    Dex: 15    Spells: 4/11 levels left

rFire   . . .        f - +0 sling
rCold   . . .        (no shield)
rNeg    . . .        a - +0 robe
rPois   .            (no helmet)
rElec   .            (no cloak)
rCorr   +            (no gloves)
SInv    .            (no boots)
Will    .....        c - amulet of reflection
Stlth   ++           k - ring of resist corrosion
HPRegen 0.24/turn    (no ring)
MPRegen 0.13/turn

%: reflection
@: very slightly contaminated
A: no striking features
a: no special abilities


You were on level 3 of the Dungeon.
You visited 1 branch of the dungeon, and saw 4 of its levels.

You collected 174 gold pieces.

Inventory:

Hand Weapons
 f - a +0 sling (weapon)
Armour
 a - a +0 robe (worn)
Magical Staves
 p - a staff of conjuration
Jewellery
 c - an amulet of reflection (around neck)
 k - a ring of resist corrosion (left hand)
Wands
 o - a wand of paralysis (12)
Scrolls
 e - 3 scrolls of immolation {unknown}
 g - 2 scrolls of blinking {unknown}
 i - a scroll of vulnerability {unknown}
 n - a scroll of teleportation {unknown}
 q - a scroll of poison {unknown}
 s - a scroll of identify {unknown}
Potions
 b - a potion of magic
 d - 3 potions of mutation {unknown}
 h - 2 potions of curing
 j - a potion of brilliance {unknown}
 l - a potion of degeneration {unknown}
 m - a potion of attraction {unknown}
 r - a potion of haste {unknown}


   Skills:
 - Level 1.2 Fighting
 + Level 0.5 Ranged Weapons
 - Level 2.4 Dodging
 - Level 2.4 Stealth
 + Level 4.0 Spellcasting
 + Level 2.3 Conjurations
 + Level 4.0 Fire Magic


You had 4 spell levels left.
You knew the following spells:

 Your Spells              Type           Power      Damage    Failure   Level
a - Foxfire               Conj/Fire      72%        2x1d7     3%          1
b - Scorch                Fire           44%        2d6       3%          2
c - Flame Wave            Conj/Fire      18%        2d7       30%         4

Your spell library contained the following spells:

 Spells                   Type           Power      Damage    Failure   Level
 Inner Flame              Hex/Fire       13%        N/A       14%         3
 Volatile Blastmotes      Fire/Tloc      26%        2d12      14%         3


Dungeon Overview and Level Annotations

Branches:
Dungeon (4/15)
 Temple: D:4-7

Altars:

Annotations:
D:3 Sigmund
D:4 Menkaure, Robin


Message History

You start waiting.
Done waiting.
Casting: Flame Wave (astonishingly dangerous; 30% risk of failure)
Confirm with . or Enter, or press ? or * to list all spells.
Okay, then.
There is a stone staircase leading down here.
You climb downwards.
Level annotation: Menkaure, Robin The goblin closely misses you.
The goblin barely misses you.
Menkaure casts a spell.
Menkaure seems to speed up.
You hear a shout!
There is a stone staircase leading up here.
Casting: Flame Wave (astonishingly dangerous; 30% risk of failure)
Confirm with . or Enter, or press ? or * to list all spells.
Casting: Flame Wave (astonishingly dangerous; 30% risk of failure)
Press: ? - help, Dir - look around, f - activate You miscast Flame Wave.
You are very lightly contaminated with residual magic.
Nothing appears to happen.
The goblin hits you with a +0 club. You block the goblin's attack.
The goblin barely misses you. You block the goblin's attack.
The goblin hits you with a +0 club. The goblin closely misses you.
The goblin barely misses you. The goblin hits you with a +0 dagger.
Robin roars a battlecry!
The goblins go into a battle-frenzy!
You climb upwards.
Level annotation: Sigmund
There is a stone staircase leading down here.
Casting: Flame Wave (astonishingly dangerous; 30% risk of failure)
Confirm with . or Enter, or press ? or * to list all spells.
Casting: Flame Wave (astonishingly dangerous; 30% risk of failure)
Press: ? - help, Dir - look around, f - activate You miscast Flame Wave.
There is a sudden and violent explosion of flames!
* * * LOW HITPOINT WARNING * * *
The goblin hits you with a +0 dagger.
* * * LOW HITPOINT WARNING * * *
The goblin hits you with a +0 club.
You die...

## #. ####### ## #.
#.....# ..# #. #.....#
...#########.
#....g###..............
#...gg@g.........#####.
#....g###....## #.
#.....# ..... ##.
##.....# ..## ##..
#.....## .# #..#
#.###..### # ###... #.
##...########.#....# #
#.#..##........#.##
####..#.##...##..##.#


You could see 5 goblins.

Vanquished Creatures
  Jessica (D:2)
  An adder (D:3)
  A worm (D:3)
  2 dart slugs
  An orc (D:3)
  2 ball pythons (D:2)
  An endoplasm (D:1)
  10 goblins
  6 hobgoblins
  A quokka (D:2)
  3 bats
  4 frilled lizards
  4 kobolds (D:1)
  2 rats (D:1)
39 creatures vanquished.

Vanquished Creatures (others)
  37 foxfires (D:1)
37 creatures vanquished.

Grand Total: 76 creatures vanquished

Notes
Turn   | Place    | Note
-------+----------+-------------------------------------------
     0 | D:1      | Ijustatesigmund the Deep Elf Fire Elementalist began the
                  | quest for the Orb.
     0 | D:1      | Reached XP level 1. HP: 10/10 MP: 6/6
   265 | D:1      | Reached XP level 2. HP: 16/16 MP: 6/8
   268 | D:1      | Learned a level 2 spell: Scorch
  1371 | D:2      | Reached XP level 3. HP: 20/20 MP: 10/10
  1406 | D:2      | Noticed Jessica
  1412 | D:2      | Killed Jessica
  1413 | D:2      | Reached skill level 1 in Fighting
  1711 | D:3      | Noticed Sigmund
  2018 | D:3      | Reached XP level 4. HP: 25/25 MP: 11/11
  2023 | D:3      | Learned a level 4 spell: Flame Wave
  2141 | D:4      | Noticed Robin
  2142 | D:4      | Noticed Menkaure
  2449 | D:3      | HP: 1/25 [goblin/+0 dagger[Robin] (4)]
  2449 | D:3      | Slain by a goblin

Illustrated notes

Levels and vault maps discovered:
D:1:      minmay_arrival_pointy, layout_loops_ring
D:2:      layout_basic, ebering_dispersal_statue_hall, kennysheep_jessica_study
D:3:      layout_rooms, uniq_sigmund
D:4:      layout_cave_pools, nemelex_spade_bored_becter,
          minmay_increasing_density, uniq_natasha, uniq_robin, uniq_menkaure

Skill      XL: |  1  2  3  4 |
---------------+-------------+-----
Fighting       | 1 |  1.2
Conjurations   | 2 |  2.3
Fire Magic     | 4 |  4.0
Spellcasting   | 4 |  4.0
Ranged Weapons | |  0.5
Dodging        | |  2.4
Stealth        | |  2.4

Action                     |  1- 3 |  4- 6 || total
---------------------------+-------+-------++-------
   Fire: Sling             |    35 |     6 ||    41
   Cast: Foxfire           |    20 |       ||    20
         Scorch            |    11 |     1 ||    12
         Flame Wave        |       |     2 ||     2
    Use: Potion            |     1 |       ||     1
 Armour: Robe              |     7 |    14 ||    21
  Dodge: Dodged            |     6 |     9 ||    15
  Block: Other             |     2 |     5 ||     7
         Reflection        |     1 |       ||     1

Table legend: (Time is in decaauts)
 A = Elapsed time spent in this place.
 B = Non-inter-level travel time spent in this place.
 C = Inter-level travel time spent in this place.
 D = Time resting spent in this place.
 E = Time spent auto-exploring this place.
 F = Levels seen in this place.
 G = Mean time per level.
                   A        B        C        D        E       F      G
               +--------+--------+--------+--------+--------+-----+--------+
         Total |   2467 |   2351 |    116 |    452 |   1635 |   4 |  616.8 |
       Dungeon |   2467 |   2351 |    116 |    452 |   1635 |   4 |  616.8 |
               +--------+--------+--------+--------+--------+-----+--------+

Top non-repeatable levels by time:
     D:1: 948 daAuts
     D:2: 942 daAuts
     D:3: 564 daAuts
     D:4: 11 daAuts
